Cogmind - Beta 12 @@@ ROGUE MODE // 2023.03.17 @ 01:09:27 Player: dhtilly Result: Destroyed by G-67 Veteran with Plasma Rifle Performance ------------- Evolutions (4) 2000 Regions Visited (15) 3000 Robots Destroyed (199) 995 Value Destroyed (7676) 7676 Prototype IDs (43) 860 Alien Tech Used (0) 0 Bonus (1965) 1965 TOTAL SCORE: 16496 Bonus ------- High Alert Combat Kills 830 Follower Combat Kills 434 Aligned with FarCom 300 Met Data Miner 300 Met Imprinter 300 Friendly Fire -199 Cogmind --------- Core Integrity 0/850 Matter 297/300 Energy 117/300 System Corruption 20% Temperature Cool (12) Movement Flying (40) Location -5/Proximity Caves Parts ------- > --- POWER (1) -------- (None) > --- PROPULSION (4) --- Nuclear Pulse Thruster > --- UTILITY (7) ------ Compact Battery Improved Terrain Scan Processor > --- WEAPON (3) ------- (None) > --- INVENTORY (5) ---- Advanced Heat Sink Improved Signal Interpreter 0b10 Decoder Chip [Looter] Hacking Drone Bay (1/1) Makeshift Spear Peak State ------------ > --- POWER ------------ F-cell Engine > --- PROPULSION ------- Carbon-fiber Leg Flexi-carbon Leg Flexi-carbon Leg Myomer Leg > --- UTILITY ---------- Advanced Cooling System Huge Storage Unit Advanced Terrain Scanner Improved Terrain Scan Processor Transmission Jammer Layered Light Armor Plating Makeshift Armor Plating > --- WEAPON ----------- Plasma Rifle Plasma Rifle Variable Charge Gun > --- INVENTORY -------- Neutrino Core Carbon-fiber Leg Flexi-carbon Leg Wheel Cooled VTOL Module Nuclear Pulse Thruster Advanced Heat Sink Compact Battery Experimental Sensor Array Improved Signal Interpreter Improved Terrain Scan Processor 0b10 Decoder Chip [Looter] Improved Utility Shielding Improved Light Armor Plating Hacking Suite Dynamic Insulation System Long-range Tractor Beam Hacking Drone Bay Proton Cannon Disruptor Cannon Heavy Rocket Launcher Heavy Rocket Launcher Field Lobotomy Kit Makeshift Spear [Rating: 80] Favorites ----------- Power F-cell Engine Engine F-cell Engine Power Core Micro Nuclear Core Reactor Cold Fusion Reactor Propulsion Carbon-fiber Leg Treads Light Treads Leg Carbon-fiber Leg Wheel Wheel Flight Unit Nuclear Pulse Thruster Utility High-capacity Storage Unit Device Advanced Terrain Scanner Storage High-capacity Storage Unit Processor Target Analyzer Protection Makeshift Armor Plating Weapon Heavy EM Shotgun Energy Gun Heavy EM Shotgun Energy Cannon Ion Cannon Ballistic Gun Assault Rifle Ballistic Cannon Advanced Assault Cannon Launcher Grenade Launcher Special Weapon Field Lobotomy Kit Slashing Weapon Greatsword Piercing Weapon Makeshift Spear Build | -11 -10 -10 -10 -9 -8 -7 -7 -7 -7 -6 -6 -6 -6 -6 -5 ------- Run | Jun Mat Min Exi Min Mat Fac Low Low Zio Pro Fac Low Low Dat Pro Slots Evolved 8 | . . . . . 4 2 . . . . 2 . . . . Power . | . . . . . . . . . . . . . . . . Propulsion 2 | . . . . . 2 . . . . . . . . . . Utility 5 | . . . . . 2 2 . . . . 1 . . . . Weapon 1 | . . . . . . . . . . . 1 . . . . Parts Attached 293 | 6 11 9 2 11 16 42 7 1 10 24 78 5 23 4 44 Power 19 | 1 1 1 . 2 1 1 . . . 1 6 . 1 . 4 Engine 13 | 1 1 1 . 2 . 1 . . . 1 4 . 1 . 1 Core 4 | . . . . . 1 . . . . . . . . . 3 Reactor 2 | . . . . . . . . . . . 2 . . . . Propulsion 63 | 2 4 2 2 3 5 11 1 1 . 5 13 2 4 . 8 Treads 23 | . 2 . 1 . 5 4 . 1 . 4 4 1 . . 1 Leg 26 | 2 2 1 . 3 . . 1 . . 1 7 1 3 . 5 Wheel 11 | . . 1 1 . . 7 . . . . . . 1 . 1 Hover . | . . . . . . . . . . . . . . . . Flight 3 | . . . . . . . . . . . 2 . . . 1 Utility 94 | 1 3 1 . 1 7 10 2 . 6 11 35 2 7 . 8 Device 46 | . . . . . 4 3 . . 3 6 22 . 5 . 3 Storage 5 | 1 2 . . . . . . . . . 1 . . . 1 Processor 11 | . 1 . . . 1 4 . . . 1 4 . . . . Hackware . | . . . . . . . . . . . . . . . . Protection 32 | . . 1 . 1 2 3 2 . 3 4 8 2 2 . 4 Artifact . | . . . . . . . . . . . . . . . . Weapon 117 | 2 3 5 . 5 3 20 4 . 4 7 24 1 11 4 24 Energy Gun 56 | . . . . . 3 13 2 . 4 4 7 1 7 3 12 Energy Cannon 15 | . . . . . . . . . . . 11 . 1 . 3 Ballistic Gun 12 | 2 3 2 . 4 . . . . . 1 . . . . . Ballistic Cannon 11 | . . . . . . 4 2 . . 2 3 . . . . Launcher 11 | . . 3 . 1 . . . . . . 2 . 3 . 2 Special Weapon 5 | . . . . . . 3 . . . . . . . . 2 Impact Weapon . | . . . . . . . . . . . . . . . . Slashing Weapon 1 | . . . . . . . . . . . 1 . . . . Piercing Weapon 6 | . . . . . . . . . . . . . . 1 5 Special Melee Weapon . | . . . . . . . . . . . . . . . . Unidentified Prototypes 9 | . . . . . 1 1 . . 2 . 5 . . . . Corrupted Parts 4 | . . . . . 1 . . . . 2 . . 1 . . System Corruption 32 | . . . . . 9 . . . . 13 . . 10 . . Parts Lost 98 | . 2 1 . 4 1 15 1 . . 22 20 . 7 . 25 Power 8 | . 1 . . 1 . . . . . 1 1 . 1 . 3 Propulsion 38 | . 1 1 . 1 . 9 1 . . 6 9 . 2 . 8 Utility 27 | . . . . 1 1 2 . . . 9 6 . 1 . 7 Weapon 25 | . . . . 1 . 4 . . . 6 4 . 3 . 7 Highest Loss Streak 12 | . 2 1 . 4 1 3 1 . . 8 5 . 3 . 12 To Critical Strikes 2 | . . . . . . . . . . . 1 . . . 1 Average Slot Usage (%) 95 | . 97 100 100 86 98 96 96 100 98 88 95 99 97 82 97 Engine 6 | . 14 14 14 3 1 4 7 7 7 7 5 6 5 6 5 Treads 9 | . 1 . 6 . 35 19 15 16 23 18 7 5 1 . . Leg 14 | . 26 26 15 27 . . 2 5 . 2 15 20 23 26 24 Wheel 2 | . . 1 6 . . 7 9 7 7 1 . . . . . Device 11 | . . . . . 8 12 7 7 7 10 18 13 18 20 19 Storage 7 | . 14 14 14 14 9 7 7 7 7 7 6 6 6 6 6 Processor 12 | . 11 13 . . 8 12 23 23 15 15 14 13 13 13 9 Protection 8 | . . . 14 12 9 11 6 7 14 8 4 13 7 6 8 Energy Gun 8 | . . . . . 17 14 13 15 13 8 1 6 17 2 18 Energy Cannon 3 | . . . . . . . . . . . 15 13 . . . Ballistic Gun 4 | . 28 16 14 27 . . . . . 1 . . . . . Naked Turns . | . . . . . . . . . . . . . . . . Heaviest Build 123 | 13 48 50 50 53 63 82 74 67 77 78 121 120 120 113 123 Greatest Support 89 | 20 46 20 20 23 89 89 40 10 10 63 65 50 70 70 80 Greatest Overweight (x) 27 | 2 2 4 4 4 . 7 6 6 7 7 4 3 11 1 27 Average Overweight (x) 2 | . 1 2 3 2 . 3 3 6 6 2 1 2 1 1 1 Largest Inventory Capacity 25 | 8 20 20 20 20 20 20 20 20 20 20 25 25 25 25 25 Average Capacity 21 | 7 17 20 20 20 20 20 20 20 20 20 21 25 25 25 24 Most Carried 25 | 5 15 20 20 20 20 20 20 20 20 20 25 25 25 25 25 Average Carried 20 | 3 9 16 19 19 19 19 19 19 19 15 20 24 24 24 24 Final Capacity 25 | 8 20 20 20 20 20 20 20 20 20 20 25 25 25 25 5 Final Carried 25 | 4 15 20 19 20 20 19 20 20 20 14 24 25 25 25 5 Class Distribution -------------------- 36% | Scavenger-Mutant 26% | Mutant 21% | Scavenger-Skirmisher 12% | Scavenger-Tank Dominant Class ---------------- Mutant | -10/Materials Mutant | -10/Mines Mutant | -10/Exiles Mutant | -9/Mines Mutant | -8/Materials Mutant | -7/Factory Scavenger-Mutant | -7/Lower Caves Scavenger-Mutant | -7/Lower Caves Scavenger-Mutant | -7/Zion Scavenger-Mutant | -6/Proximity Caves Scavenger-Skirmisher | -6/Factory Scavenger-Tank | -6/Lower Caves Scavenger-Mutant | -6/Lower Caves Scavenger-Mutant | -6/Data Miner Scavenger-Tank | -5/Proximity Caves Resources | -11 -10 -10 -10 -9 -8 -7 -7 -7 -7 -6 -6 -6 -6 -6 -5 ----------- Run | Jun Mat Min Exi Min Mat Fac Low Low Zio Pro Fac Low Low Dat Pro Matter Collected 4478 | 213 270 129 . 400 152 454 131 70 84 452 1208 75 359 . 481 Remotely . | . . . . . . . . . . . . . . . . Salvage Created 9640 | . 431 88 . 153 1184 2766 131 . . 1216 2108 . 835 . 728 Parts 414 | . 23 9 . 9 49 147 11 . . 38 80 . 27 . 21 Haulers Intercepted 8 | . 2 . . . . 4 . . . . 2 . . . . Recyclers Shooed 5 | . . . . 1 . . . . . . 4 . . . . Parts Field Recycled . | . . . . . . . . . . . . . . . . Retrieved Matter . | . . . . . . . . . . . . . . . . Parts Self-Destructed 72 | . . . . . . . 10 . . 18 . 9 10 . 25 Prevented 37 | . . . . . . . 4 . . 20 . . 8 . 5 Kills | -11 -10 -10 -10 -9 -8 -7 -7 -7 -7 -6 -6 -6 -6 -6 -5 ------- Run | Jun Mat Min Exi Min Mat Fac Low Low Zio Pro Fac Low Low Dat Pro Combat Hostiles Destroyed 164 | . 9 7 . 6 23 40 2 . . 19 31 . 17 . 10 Melee 1 | . . . . . . . . . . . . . . . 1 Guns 81 | . 9 . . 4 22 25 1 . . 8 1 . 7 . 4 Cannons 31 | . . . . . . 2 1 . . 3 25 . . . . AOE 32 | . . 7 . 2 1 8 . . . 1 2 . 7 . 4 Classes Destroyed 19 | . 5 1 . . 3 5 1 . . 1 1 . 1 . 1 Worker 7 | . . . . . . 4 . . . . 3 . . . . Builder 9 | . 1 . . . . 7 . . . . 1 . . . . Hauler 8 | . 2 . . . . 4 . . . . 2 . . . . Recycler 4 | . . . . . . 2 . . . . 2 . . . . Minesweeper 3 | . . . . . . . 1 . . . . . 1 . 1 Mechanic 1 | . . . . . . . . . . . 1 . . . . Operator 4 | . 1 . . . . 1 . . . . 2 . . . . Drone 2 | . . . . . . . . . . . . . . . 2 Swarmer 27 | . 3 4 . . 4 9 . . . 2 . . 4 . 1 Grunt 82 | . 6 1 . 6 11 16 . . . 9 19 . 11 . 3 Brawler 11 | . . . . . 2 1 . . . 2 2 . 1 . 3 Duelist 4 | . . . . . 1 . . . . 3 . . . . . Protector 1 | . . . . . . . . . . 1 . . . . . Sentry 17 | . . . . . 5 4 . . . 2 4 . 1 . 1 Specialist 1 | . . . . . . 1 . . . . . . . . . Hunter 10 | . . . . . . 7 1 . . . 2 . . . . Programmer 8 | . . . . . . 3 1 . . . 4 . . . . Samaritan 1 | . . . . . . . . . . . . . 1 . . Assembled 2 | . . 2 . . . . . . . . . . . . . Best Kill Streak 9 | . 3 2 . 6 5 9 1 . . 5 4 . 4 . 4 Combat Bots Only 6 | . 3 2 . 6 5 5 1 . . 5 3 . 4 . 4 Max Kills in Single Turn 5 | . 1 2 . 1 1 5 1 . . 1 2 . 2 . 4 Gunslinging . | . . . . . . . . . . . . . . . . Exploded 4 | . . 2 . 1 1 3 . . . 1 2 . 2 . 4 Melee 1 | . . . . . . . . . . . . . . . 1 Uniques/NPCs Destroyed . | . . . . . . . . . . . . . . . . Combat | -11 -10 -10 -10 -9 -8 -7 -7 -7 -7 -6 -6 -6 -6 -6 -5 -------- Run | Jun Mat Min Exi Min Mat Fac Low Low Zio Pro Fac Low Low Dat Pro Damage Taken 13774 | . 525 114 . 274 848 2146 79 . . 3079 2817 . 1549 . 2343 Core 1499 | . 79 17 . . 100 190 . . . 249 195 . 189 . 480 Absorbed by Shields 351 | . . . . . . 136 . . . . 215 . . . . Redirected to Shielding 110 | . . . . . . . . . . . 39 . . . 71 Regen/Repaired (Parts) 940 | . . . . . . . . . 922 . 18 . . . . Core Remaining (%) 69 | 100 . . . 61 81 . . . . 37 . . . . . Volleys Fired 463 | . 48 12 . 17 51 85 4 . . 72 108 . 35 . 31 Largest 3 | . 2 2 . 2 2 2 2 . . 2 3 . 3 . 3 Hottest 303 | . 40 50 . 40 100 105 105 . . 113 230 . 214 . 303 Shots Fired 953 | . 96 17 . 28 96 166 8 . . 142 264 . 78 . 58 Gun 628 | . 96 12 . 23 96 149 6 . . 132 3 . 58 . 53 Cannon 295 | . . . . . . 14 2 . . 10 257 . 11 . 1 Launcher 25 | . . 5 . 5 . . . . . . 4 . 9 . 2 Special 5 | . . . . . . 3 . . . . . . . . 2 Kinetic 236 | . 96 12 . 23 . 14 2 . . 29 60 . . . . Thermal 292 | . . . . . . . . . . 15 200 . 30 . 47 Explosive 25 | . . 5 . 5 . . . . . . 4 . 9 . 2 Electromagnetic 395 | . . . . . 96 149 6 . . 98 . . 39 . 7 Robot Hit Streak 33 | . 10 9 . 11 20 33 8 . . 17 11 . 16 . 6 Robot Miss Streak 9 | . 2 1 . 3 4 7 1 . . 3 9 . 2 . 3 Penetration Max 1 | . . . . . . . . . . . 1 . . . . Secondary Targets 8 | . . . . 2 1 4 . . . 1 . . . . . Max Gunslinging Chain 1 | . . . . 1 1 1 . . . 1 . . . . . Shots Hit Robots 690 | . 68 11 . 17 78 141 7 . . 111 164 . 50 . 43 Core Hits 422 | . 24 14 . 15 50 118 6 . . 46 80 . 36 . 33 Critical Kills 8 | . 1 . . . . . . . . 3 4 . . . . Critical Parts Destroyed 6 | . . . . . . . . . . 2 4 . . . . Critical Strikes 25 | . 1 . . . . . . . . 9 10 . 1 . 4 Burn 8 | . . . . . . . . . . 4 . . 1 . 3 Meltdown 2 | . . . . . . . . . . . 2 . . . . Destroy 12 | . 1 . . . . . . . . 5 6 . . . . Blast 2 | . . . . . . . . . . . 2 . . . . Impale 1 | . . . . . . . . . . . . . . . 1 Melee Attacks 27 | . . . . . . . . . . . 1 . . 1 25 Impact . | . . . . . . . . . . . . . . . . Slashing 1 | . . . . . . . . . . . 1 . . . . Piercing 26 | . . . . . . . . . . . . . . 1 25 Sneak Attacks . | . . . . . . . . . . . . . . . . Combat Hostiles . | . . . . . . . . . . . . . . . . Follow-up Attacks . | . . . . . . . . . . . . . . . . Damage Inflicted 19076 | . 728 430 . 525 1816 4124 185 . . 2113 5489 . 2050 . 1616 Guns 9091 | . 727 88 . 144 1677 2766 120 . . 1882 40 . 894 . 753 Cannons 5287 | . . . . . . 255 32 . . 135 4650 . 188 . 27 Explosions 4225 | . . 342 . 381 113 1093 33 . . 96 762 . 963 . 442 Melee 394 | . . . . . . . . . . . . . . . 394 Ramming 79 | . 1 . . . 26 10 . . . . 37 . 5 . . Kinetic 2762 | . 727 88 . 144 . 255 32 . . 402 1114 . . . . Thermal 6349 | . . . . . 113 1057 33 . . 274 3657 . 536 . 679 Explosive 2785 | . . 342 . 381 . . . . . . 681 . 939 . 442 Electromagnetic 6707 | . . . . . 1677 2802 120 . . 1437 . . 570 . 101 Impact . | . . . . . . . . . . . . . . . . Slashing . | . . . . . . . . . . . . . . . . Piercing 394 | . . . . . . . . . . . . . . . 394 Highest Corruption 23 | . . . . . 9 4 4 4 4 23 6 . 10 3 20 Average Corruption 5 | . . . . . 9 2 4 4 4 15 5 . 3 3 4 Corruption Purged 17 | . . . . . . . . . . . 10 . 7 . . Corruption Blocked . | . . . . . . . . . . . . . . . . Effects 252 | . . . . . 5 24 16 21 3 59 32 . 33 3 56 Message Errors 60 | . . . . . 2 1 3 10 . 16 4 . 7 1 16 Matter Fused 62 | . . . . . . 10 5 3 2 15 12 . 4 1 10 Heat Flow Errors 32 | . . . . . . 2 . 1 . 5 3 . 10 1 10 Energy Discharges 21 | . . . . . 1 2 1 2 . 2 5 . 5 . 3 Parts Rejected 3 | . . . . . . . . . . 1 . . . . 2 Parts Fused 3 | . . . . . . . . 1 . 1 . . 1 . . Data Loss (minor) 34 | . . . . . . 4 4 3 . 9 3 . 4 . 7 Data Loss (major) 15 | . . . . . . . 1 1 1 2 4 . 2 . 4 Misfires 9 | . . . . . 1 3 . . . 4 1 . . . . Alerts 7 | . . . . . . 1 2 . . 3 . . . . 1 Weapon Failures 6 | . . . . . 1 1 . . . 1 . . . . 3 Overload Shots 1 | . . . . . . . . . . . . . . . 1 Overflow Damage 239 | . . . . . 4 4 . . . 3 164 . 64 . . Projectiles 117 | . . . . . . . . . . . 117 . . . . Explosions 118 | . . . . . . 4 . . . 3 47 . 64 . . Melee 4 | . . . . . 4 . . . . . . . . . . Knockbacks 17 | . . . . . . 3 . . . . 14 . . . . Impact . | . . . . . . . . . . . . . . . . Kinetic 17 | . . . . . . 3 . . . . 14 . . . . Secondary . | . . . . . . . . . . . . . . . . Self-Inflicted Damage 697 | . . 13 . 51 118 359 10 . . 109 . . 37 . . Shots 18 | . . 1 . 2 2 8 1 . . 2 . . 2 . . Rammed 11 | . . . . . 2 2 . . . . 7 . . . . Targets Rammed 16 | . 1 . . 1 2 2 . . . . 7 . 3 . . Kicked 4 | . . . . 1 . . . . . . . . 3 . . Crushed 1 | . 1 . . . . . . . . . . . . . . Highest Temperature 416 | . 16 10 . 21 333 132 4 214 . 237 416 . 362 238 309 Average Temperature 91 | . 7 7 . 8 86 24 4 111 . 41 108 . 126 146 108 Received Heat Transfer 4098 | . 267 . . 123 270 402 . . . 905 909 . 631 . 591 Effects 7 | . . . . . 3 . . . . . 3 . 1 . . Energy Bleed 1 | . . . . . . . . . . . . . 1 . . Interference 6 | . . . . . 3 . . . . . 3 . . . . Siege Activations . | . . . . . . . . . . . . . . . . Robots Corrupted 13 | . . . . . . 5 . . . 6 . . 2 . . Combat Hostiles 13 | . . . . . . 5 . . . 6 . . 2 . . Parts Fried 39 | . . . . . 15 15 1 . . 6 . . 2 . . Impact Corruptions 1 | . . . . . 1 . . . . . . . . . . Robots Melted 7 | . . . . . . . . . . 1 4 . 1 . 1 Combat Hostiles 6 | . . . . . . . . . . 1 3 . 1 . 1 Parts Melted 18 | . . . . . . 1 . . . 5 11 . . . 1 Heat Transferred 9588 | . . . . . 150 925 50 . . 954 4860 . 1066 . 1583 Parts Sabotaged 2 | . . . . . . . . . . . 2 . . . . Parts Stolen . | . . . . . . . . . . . . . . . . Parts Stripped . | . . . . . . . . . . . . . . . . Power Chain Reactions 15 | . . . . . 3 8 1 . . 2 . . 1 . . Missiles Intercepted . | . . . . . . . . . . . . . . . . Alert | -11 -10 -10 -10 -9 -8 -7 -7 -7 -7 -6 -6 -6 -6 -6 -5 ------- Run | Jun Mat Min Exi Min Mat Fac Low Low Zio Pro Fac Low Low Dat Pro Peak Influence 1174 | . 186 209 . 147 714 1174 . . . . 420 . . . . Initial 324 | . . . . . . 324 . . . . . . . . . Average 219 | . 69 48 . 34 275 720 . . . . 162 . . . . Maximum Alert Level 4 | . . 1 . . 3 4 . . . . 2 . . . . Low Security (%) 65 | 100 100 87 . 100 45 . . . . . 65 . . . . Level 1 14 | . . 12 . . 33 21 . . . . 20 . . . . Level 2 10 | . . . . . 16 23 . . . . 13 . . . . Level 3 7 | . . . . . 4 41 . . . . . . . . . Level 4 2 | . . . . . . 13 . . . . . . . . . Level 5 . | . . . . . . . . . . . . . . . . High Security . | . . . . . . . . . . . . . . . . Max Security . | . . . . . . . . . . . . . . . . Squads Dispatched 32 | . 1 . . 1 4 13 . . . 1 11 . . . 1 Investigation 6 | . . . . . . 4 . . . . 2 . . . . Extermination 7 | . . . . . . 3 . . . . 4 . . . . Reinforcement 6 | . 1 . . 1 1 2 . . . . 1 . . . . Assault 5 | . . . . . . 2 . . . 1 1 . . . 1 Garrison 8 | . . . . . 3 2 . . . . 3 . . . . Intercept . | . . . . . . . . . . . . . . . . Searches Triggered . | . . . . . . . . . . . . . . . . Construction Impeded 2 | . . . . 1 . 1 . . . . . . . . . Haulers Reinforced 1 | . . . . . . . . . . . 1 . . . . Active Scanning Responses . | . . . . . . . . . . . . . . . . Cargo Convoy Interrupts 1 | . . . . . . 1 . . . . . . . . . Stealth | -11 -10 -10 -10 -9 -8 -7 -7 -7 -7 -6 -6 -6 -6 -6 -5 --------- Run | Jun Mat Min Exi Min Mat Fac Low Low Zio Pro Fac Low Low Dat Pro Distress Signals 15 | . 4 . . 1 5 5 . . . . . . . . . Communications Jammed 20 | . . . . . . . . . . . 2 . . . 18 Distress Signals 20 | . . . . . . . . . . . 2 . . . 18 Times Spotted 247 | . 19 12 . 9 33 59 2 . . 32 43 . 16 . 22 Peak Tracking Total 14 | . 4 3 . 4 5 9 1 . . 14 4 . 4 . 8 Tactical Retreats 15 | . 1 1 . . 3 . . . . 6 1 . . . 3 Traps | -11 -10 -10 -10 -9 -8 -7 -7 -7 -7 -6 -6 -6 -6 -6 -5 ------- Run | Jun Mat Min Exi Min Mat Fac Low Low Zio Pro Fac Low Low Dat Pro Traps Triggered 3 | . 1 . . . . 1 . . . . 1 . . . . Indirectly . | . . . . . . . . . . . . . . . . Trap Hack Attempts . | . . . . . . . . . . . . . . . . Triggered . | . . . . . . . . . . . . . . . . Disarmed . | . . . . . . . . . . . . . . . . Reprogrammed . | . . . . . . . . . . . . . . . . Reused . | . . . . . . . . . . . . . . . . Traps Extracted . | . . . . . . . . . . . . . . . . Installed . | . . . . . . . . . . . . . . . . Triggered 4 | . . . . . . . 2 . . . . . 1 . 1 Machines | -11 -10 -10 -10 -9 -8 -7 -7 -7 -7 -6 -6 -6 -6 -6 -5 ---------- Run | Jun Mat Min Exi Min Mat Fac Low Low Zio Pro Fac Low Low Dat Pro Machines Disabled 18 | . . 3 . . 2 8 . . . . 4 . . . 1 Max in Single Turn 5 | . . 1 . . 1 5 . . . . 1 . . . 1 Garrison Access 3 | . . . . . . 1 . . . . 2 . . . . Machines Repaired . | . . . . . . . . . . . . . . . . Machines Sabotaged . | . . . . . . . . . . . . . . . . Overloaded Fab Kills . | . . . . . . . . . . . . . . . . Hacking | -11 -10 -10 -10 -9 -8 -7 -7 -7 -7 -6 -6 -6 -6 -6 -5 --------- Run | Jun Mat Min Exi Min Mat Fac Low Low Zio Pro Fac Low Low Dat Pro Machines Accessed 42 | . 7 . 1 1 4 7 . 2 1 . 13 2 . 4 . Terminals 19 | . 7 . . 1 4 1 . . . . 6 . . . . Fabricators 4 | . . . . . . 2 . . . . 2 . . . . Repair Stations 4 | . . . . . . 1 . . . . 3 . . . . Recycling Units . | . . . . . . . . . . . . . . . . Scanalyzers 2 | . . . . . . 2 . . . . . . . . . Garrison Access 3 | . . . . . . 1 . . . . 2 . . . . Total Hacks 136 | . 21 . 1 10 11 16 . 5 5 . 31 5 . 31 . Successful 87 | . 9 . 1 5 6 6 . 5 5 . 14 5 . 31 . Failed 48 | . 12 . . 5 4 10 . . . . 17 . . . . Catastrophic 7 | . 1 . . . 1 3 . . . . 2 . . . . Database Lockouts 1 | . . . . . 1 . . . . . . . . . . Manual 56 | . 21 . 1 4 11 1 . . 1 . 17 . . . . Terminals 60 | . 21 . . 10 11 1 . . . . 17 . . . . Fabricators 10 | . . . . . . 6 . . . . 4 . . . . Repair Stations 9 | . . . . . . 2 . . . . 7 . . . . Recycling Units . | . . . . . . . . . . . . . . . . Scanalyzers 4 | . . . . . . 4 . . . . . . . . . Garrison Access 6 | . . . . . . 3 . . . . 3 . . . . Terminal Hacks 61 | . 4 . 1 5 2 1 . 5 5 . 2 5 . 31 . Record 23 | . . . . 4 . . . 4 . . . 4 . 11 . Part Schematic 17 | . 1 . . . . . . . 5 . . . . 11 . Robot Schematic 6 | . . . . . . . . . . . . . . 6 . Robot Analysis 3 | . 2 . . . 1 . . . . . . . . . . Prototype ID Bank 3 | . . . . . . . . . . . . . . 3 . Open Door 2 | . . . . . . . . 1 . . . 1 . . . Open DSF 1 | . . . . . . 1 . . . . . . . . . Branch Access Points 1 | . . . . . . . . . . . 1 . . . . Terminal Index 3 | . 1 . . . 1 . . . . . 1 . . . . Zone Layout 1 | . . . . 1 . . . . . . . . . . . EX-Prototype ID Bank 1 | . . . 1 . . . . . . . . . . . . Fabricator Hacks 4 | . . . . . . 2 . . . . 2 . . . . Load Schematic 3 | . . . . . . 2 . . . . 1 . . . . Build 1 | . . . . . . . . . . . 1 . . . . Repair Station Hacks 4 | . . . . . . . . . . . 4 . . . . Scan Component 2 | . . . . . . . . . . . 2 . . . . Repair 2 | . . . . . . . . . . . 2 . . . . Recycling Unit Hacks . | . . . . . . . . . . . . . . . . Scanalyzer 2 | . . . . . . 2 . . . . . . . . . Insert Component 2 | . . . . . . 2 . . . . . . . . . Garrison Access Hacks 2 | . . . . . . . . . . . 2 . . . . Seal Access 2 | . . . . . . . . . . . 2 . . . . Unauthorized Hacks 14 | . 5 . . . 4 1 . . . . 4 . . . . Terminals 13 | . 5 . . . 4 . . . . . 4 . . . . Assimilate 1 | . . . . . . . . . . . 1 . . . . Botnet 12 | . 5 . . . 4 . . . . . 3 . . . . Fabricators . | . . . . . . . . . . . . . . . . Repair Stations . | . . . . . . . . . . . . . . . . Recycling Units . | . . . . . . . . . . . . . . . . Scanalyzers . | . . . . . . . . . . . . . . . . Garrison Access 1 | . . . . . . 1 . . . . . . . . . Jam 1 | . . . . . . 1 . . . . . . . . . Data Cores Recovered 2 | . . . . . . . . . . . 2 . . . . Used . | . . . . . . . . . . . . . . . . Hacking Detections 29 | . 7 . . 1 3 6 . . . . 12 . . . . Full Trace Events 6 | . . . . 1 . 3 . . . . 2 . . . . Feedback Events . | . . . . . . . . . . . . . . . . Feedback Blocked . | . . . . . . . . . . . . . . . . Robot Schematics Acquired 6 | . . . . . . . . . . . . . . 6 . Robots Built . | . . . . . . . . . . . . . . . . Authchips . | . . . . . . . . . . . . . . . . Time . | . . . . . . . . . . . . . . . . Total Robot Build Rating . | . . . . . . . . . . . . . . . . Part Schematics Acquired 17 | . 1 . . . . . . . 5 . . . . 11 . Parts Built 1 | . . . . . . . . . . . 1 . . . . Authchips . | . . . . . . . . . . . . . . . . Time 51 | . . . . . . . . . . . 51 . . . . Total Part Build Rating 1 | . . . . . . . . . . . 1 . . . . Parts Repaired 2 | . . . . . . . . . . . 2 . . . . Time 76 | . . . . . . . . . . . 76 . . . . Parts Recycled . | . . . . . . . . . . . . . . . . Recycled Matter . | . . . . . . . . . . . . . . . . Retrieved Matter . | . . . . . . . . . . . . . . . . Retrieved Components . | . . . . . . . . . . . . . . . . Parts Scanalyzed 2 | . . . . . . 2 . . . . . . . . . Part Schematics Acquired . | . . . . . . . . . . . . . . . . Parts Damaged . | . . . . . . . . . . . . . . . . Bothacking | -11 -10 -10 -10 -9 -8 -7 -7 -7 -7 -6 -6 -6 -6 -6 -5 ------------ Run | Jun Mat Min Exi Min Mat Fac Low Low Zio Pro Fac Low Low Dat Pro Used RIF Installer . | . . . . . . . . . . . . . . . . Robots Hacked . | . . . . . . . . . . . . . . . . Non-combat . | . . . . . . . . . . . . . . . . Combat . | . . . . . . . . . . . . . . . . Robot Hacks Applied . | . . . . . . . . . . . . . . . . Relay Couplers Released 3 | . . . . . . 3 . . . . . . . . . Programmers 3 | . . . . . . 3 . . . . . . . . . Fabnet Peak Effective % . | . . . . . . . . . . . . . . . . Robots Rewired . | . . . . . . . . . . . . . . . . Allies Hacked . | . . . . . . . . . . . . . . . . Hacks Repelled . | . . . . . . . . . . . . . . . . Allies | -11 -10 -10 -10 -9 -8 -7 -7 -7 -7 -6 -6 -6 -6 -6 -5 -------- Run | Jun Mat Min Exi Min Mat Fac Low Low Zio Pro Fac Low Low Dat Pro Total Allies 19 | . . 3 . . . 3 . 2 5 . 1 2 . . 3 Largest Group 5 | . . 3 1 1 . 1 . 2 5 5 1 2 . . 2 Highest-Rated Group 181 | . . 40 16 16 . 40 . 56 101 101 9 40 . . 181 Highest-Rated Ally 96 | . . 16 16 16 . 40 . 31 28 28 9 20 . . 96 Total Orders . | . . . . . . . . . . . . . . . . Ally Attacks 83 | . . 11 . 6 . 13 . . . 24 . . . . 29 Total Damage 1994 | . . 87 . 77 . 285 . . . 475 . . . . 1070 Kills 13 | . . 3 . 1 . 1 . . . 3 . . . . 5 Allies Corrupted . | . . . . . . . . . . . . . . . . Allies Melted . | . . . . . . . . . . . . . . . . Field Lobotomies 5 | . . . . . . 3 . . . . . . . . 2 Intel | -11 -10 -10 -10 -9 -8 -7 -7 -7 -7 -6 -6 -6 -6 -6 -5 ------- Run | Jun Mat Min Exi Min Mat Fac Low Low Zio Pro Fac Low Low Dat Pro Robot Analysis Total 3 | . 2 . . . 1 . . . . . . . . . . Derelict Logs Recovered 18 | . . 2 . 2 . . 3 2 2 2 . 2 2 . 1 Drone Launches . | . . . . . . . . . . . . . . . . Drone Recoveries . | . . . . . . . . . . . . . . . . Exploration | -11 -10 -10 -10 -9 -8 -7 -7 -7 -7 -6 -6 -6 -6 -6 -5 ------------- Run | Jun Mat Min Exi Min Mat Fac Low Low Zio Pro Fac Low Low Dat Pro Turns Passed 23345 | 74 1258 963 506 1684 744 1667 925 803 2158 1890 3377 2697 2064 253 2282 Spaces Moved 9853 | 37 499 369 265 607 280 788 500 471 1163 710 1034 1028 908 129 1065 Core 8 | 7 . . . . . . . . . . . . . . 1 Treads 1463 | . 22 . . 6 280 176 168 . . 542 268 . . . 1 Legs 5425 | 30 477 333 110 598 . . . . . . 766 1028 907 129 1047 Wheels 2954 | . . 36 155 3 . 612 332 471 1163 168 . . 1 . 13 Hover . | . . . . . . . . . . . . . . . . Flight 3 | . . . . . . . . . . . . . . . 3 Fastest Speed 40 | 50 120 140 140 140 160 125 125 170 155 170 190 260 190 190 40 Average Speed 210 | 128 210 248 189 259 160 156 179 170 183 227 261 260 209 190 191 Slowest Speed 1400 | 190 260 260 260 400 160 185 240 170 185 246 480 330 330 190 1400 Overloaded Moves . | . . . . . . . . . . . . . . . . Propulsion Burnouts . | . . . . . . . . . . . . . . . . Robots Hopped . | . . . . . . . . . . . . . . . . Cave-ins Triggered . | . . . . . . . . . . . . . . . . Exploration Rate (%) 64 | 4 84 65 69 98 25 22 68 61 85 72 25 91 91 75 92 Regions Visited 15 Branch Regions 11 Pre-discovered Areas 6 | . . . . 1 . . 1 . 1 1 . . . 1 1 Known Exits Taken 8 | . 1 . . . 1 1 1 1 1 1 1 . . . . Unknown Exits Taken 7 | 1 . 1 1 1 . . . . . . . 1 1 1 . Scrap Searched 19 | . . . . 2 . . 1 3 3 2 . 3 2 . 3 Spaces Dug 18 | . . 9 . . . . . . . . 1 . . 1 7 Terrain Destroyed 346 | . . 37 . 46 7 24 5 . . 22 92 . 85 1 27 Melee 9 | . . . . . . . . . . . 1 . . 1 7 Projectile 46 | . . . . . . 2 . . . 2 37 . 3 . 2 AOE 291 | . . 37 . 46 7 22 5 . . 20 54 . 82 . 18 Terrain Rammed . | . . . . . . . . . . . . . . . . Walls Destroyed . | . . . . . . . . . . . . . . . . Machines Disabled . | . . . . . . . . . . . . . . . . Actions | -11 -10 -10 -10 -9 -8 -7 -7 -7 -7 -6 -6 -6 -6 -6 -5 --------- Run | Jun Mat Min Exi Min Mat Fac Low Low Zio Pro Fac Low Low Dat Pro Total 11521 | 61 620 402 269 695 487 1046 519 475 1187 858 1492 1055 998 137 1220 Wait 549 | 14 44 2 . 43 107 100 4 . 6 11 168 10 6 . 34 Move 9838 | 36 498 368 264 606 279 787 499 470 1162 709 1033 1027 907 128 1065 Hop . | . . . . . . . . . . . . . . . . Pick Up 144 | 5 13 7 1 7 15 16 2 1 1 14 36 7 12 . 7 Fast Attach 95 | 5 2 1 . 5 3 9 3 1 5 2 42 1 7 3 6 Attach 93 | 1 2 2 2 1 8 13 . . 1 20 19 2 6 1 15 Detach 36 | . 1 2 . . 2 4 . . 2 1 20 . 1 1 2 Swap 106 | . 7 6 . 5 5 20 4 . 4 2 18 2 10 . 23 Drop 129 | . 4 2 2 10 15 10 3 3 6 2 40 6 11 3 12 Fire 463 | . 48 12 . 17 51 85 4 . . 72 108 . 35 . 31 Melee 27 | . . . . . . . . . . . 1 . . 1 25 Ram . | . . . . . . . . . . . . . . . . Kick 4 | . . . . 1 . . . . . . . . 3 . . Crush 12 | . 1 . . . 2 2 . . . . 7 . . . . Escape Stasis . | . . . . . . . . . . . . . . . . Rewire 25 | . . . . . . . . . . 25 . . . . . Trap . | . . . . . . . . . . . . . . . . Miscellaneous . | . . . . . . . . . . . . . . . . Route ------- -11/Junkyard -10/Materials (discovered 4 exits: *Mat x2 / *Min x2) -10/Mines (discovered 2 exits: *Mat / *Exi) -10/Exiles -9/Mines (discovered 2 exits: *Mat x2) -8/Materials -7/Factory (discovered 2 exits: *Fac / *Low) -7/Lower Caves -7/Lower Caves -7/Zion -6/Proximity Caves -6/Factory (discovered 5 exits: Fac / *Low x2 / Ext x2) -6/Lower Caves -6/Lower Caves (discovered 2 exits: *Fac / *Dat) -6/Data Miner -5/Proximity Caves (discovered 1 exit: Fac) History --------- Turn | Location | Event 25 | -11/Junkyard | Discovered new exit (range 15) 75 | -11/Junkyard | Entered Materials 177 | -10/Materials | Discovered new exit (range 9) 177 | -10/Materials | Discovered new exit (range 14) 306 | -10/Materials | Identified exit to Mines 320 | -10/Materials | Build established: Mutant 423 | -10/Materials | Discovered new exit (range 16) 812 | -10/Materials | Discovered new exit (range 5) 1333 | -10/Materials | Entered Mines 1408 | -10/Mines | Assisted by bots powering up and referring to "LRC-V3" 1483 | -10/Mines | Discovered new exit (range 3) 1488 | -10/Mines | Identified exit to Materials 1822 | -10/Mines | Assembled infested the area 1866 | -10/Mines | Learned Materials stockpile data 1910 | -10/Mines | Met 8R-AWN 1921 | -10/Mines | Learned 2 Materials zone layouts 1936 | -10/Mines | Found a damaged Exp. Sensor Array with a note attached 1942 | -10/Mines | Found Prototype Device 2286 | -10/Mines | Discovered new exit (range 5) 2296 | -10/Mines | Entered Exiles 2296 | -10/Exiles | Accompanied by 1 ally 2359 | -10/Exiles | Welcomed by 8R-AWN 2406 | -10/Exiles | Met EX-HEX 2476 | -10/Exiles | Met EX-BIN 2507 | -10/Exiles | Aligned with FarCom system 2510 | -10/Exiles | Given EX-Vault access code 2572 | -10/Exiles | Opened EX-Vault 2590 | -10/Exiles | Found Field Lobotomy Kit 2623 | -10/Exiles | Warned to stay clear of 0b10 Research branches 2662 | -10/Exiles | Met EX-DEC 2791 | -10/Exiles | Discovered new exit (range 10) 2802 | -10/Exiles | Left Exiles lab with Field Lobotomy Kit 2802 | -10/Exiles | Entered Mines 2802 | -9/Mines | Accompanied by 1 ally 2814 | -9/Mines | Met a Derelict bent on vengeance 2863 | -9/Mines | Lost 4 parts (1p1n1u1w) 2889 | -9/Mines | Discovered new exit (range 6) 3019 | -9/Mines | Joined a pair of Derelicts in attacking an 0b10 outpost 3028 | -9/Mines | Learned Materials emergency access door positions 3365 | -9/Mines | Learned location of Storage (-9) 3947 | -9/Mines | A weapon hastily lodged in a ceiling crevice suddenly fell to the ground 4139 | -9/Mines | Discovered new exit (range 5) 4230 | -9/Mines | Learned location of 1 exit from Materials 4486 | -9/Mines | Entered Materials 4486 | -8/Materials | Evolved 4 slots: Propulsion x2, Utility x2 4487 | -8/Materials | Identified exit to Factory 4785 | -8/Materials | Build established: Skirmisher 4824 | -8/Materials | Garrison activated, responded to threat 5002 | -8/Materials | Central database locked down 5166 | -8/Materials | Build established: Mutant 5230 | -8/Materials | Entered Factory 5230 | -7/Factory | Evolved 2 slots: Utility x2 5746 | -7/Factory | Assimilated P-60 Hacker with FLK Orb 5814 | -7/Factory | Garrison activated, responded to threat 5891 | -7/Factory | Discovered new exit (range 10) 6223 | -7/Factory | Discovered new exit (range 3) 6227 | -7/Factory | Identified exit to Factory 6316 | -7/Factory | Identified exit to Lower Caves 6367 | -7/Factory | Lost 3 parts (2n1w) 6430 | -7/Factory | First assault squad dispatched 6440 | -7/Factory | Assimilated C-30 ARC with FLK Orb 6441 | -7/Factory | Cargo convoy interrupted 6460 | -7/Factory | Assimilated X-62 Marksman with FLK Orb 6891 | -7/Factory | Build established: Scavenger-Mutant 6897 | -7/Factory | Entered Lower Caves 7224 | -7/Lower Caves | Learned location of Zion (-7) 7457 | -7/Lower Caves | Learned location of 1 exit from Factory 7734 | -7/Lower Caves | Discovered new exit (range 11) 7749 | -7/Lower Caves | Identified exit to Lower Caves 7822 | -7/Lower Caves | Entered another Lower Caves area 8066 | -7/Lower Caves | Learned Factory stockpile data 8301 | -7/Lower Caves | Encountered a Warlord checkpoint 8327 | -7/Lower Caves | Learned Factory emergency access door positions 8327 | -7/Lower Caves | Discovered new exit (range 16) 8351 | -7/Lower Caves | Identified exit to Zion 8508 | -7/Lower Caves | A Commander dispatched an escort 8625 | -7/Lower Caves | Entered Zion 8625 | -7/Zion | Accompanied by 2 allies 8626 | -7/Zion | Commander's escort returned to base 8626 | -7/Zion | Commander's escort returned to base 8648 | -7/Zion | Given the Hacking Drone Bay 8649 | -7/Zion | Found Prototype Device 8649 | -7/Zion | Identified Hacking Drone Bay 8650 | -7/Zion | Identified Exp. Sensor Array 8722 | -7/Zion | System corruption cleaned by Quarantine Array 8942 | -7/Zion | Discovered new exit (range 13) 9400 | -7/Zion | Visited the Megawrench Repair Shop 9400 | -7/Zion | Megawrench repaired 12 parts 9501 | -7/Zion | Gained Derelict followers 10211 | -7/Zion | Learned location of Warlord (-4) 10318 | -7/Zion | Rebuked by Imprinter 10775 | -7/Zion | Identified exit to Proximity Caves 10783 | -7/Zion | Entered Proximity Caves 10783 | -6/Proximity Caves | Accompanied by 5 allies 11022 | -6/Proximity Caves | Attracted the attention of an 0b10 outpost 11102 | -6/Proximity Caves | Lost 3 parts (1u2w) 11255 | -6/Proximity Caves | System corruption reached 10% 11285 | -6/Proximity Caves | Lost 6 parts (3n3u) 11553 | -6/Proximity Caves | Attracted the attention of an 0b10 checkpoint 11556 | -6/Proximity Caves | Core integrity fell below 50% 11606 | -6/Proximity Caves | Lost 3 parts (1p1n1w) 12120 | -6/Proximity Caves | Lost 8 parts (2n4u2w) 12489 | -6/Proximity Caves | Discovered exit to Factory (range 8) 12673 | -6/Proximity Caves | Entered Factory 12673 | -6/Factory | Evolved 2 slots: Utility x1, Weapon x1 12674 | -6/Factory | Identified exit to Lower Caves 12674 | -6/Factory | Identified exit to Extension 12675 | -6/Factory | Identified exit to Factory 12881 | -6/Factory | Repaired Broken Imp. Terrain Scanner? 13237 | -6/Factory | Build established: Scavenger-Skirmisher 14020 | -6/Factory | Lost 5 parts (1p2n2u) 14746 | -6/Factory | Fabricated Huge Storage Unit (x1) 14941 | -6/Factory | Garrison activated, responded to threat 15241 | -6/Factory | Repaired Imp. System Restoration Module? 15823 | -6/Factory | First assault squad dispatched 16050 | -6/Factory | Entered Lower Caves 16076 | -6/Lower Caves | Lost 3 parts (2n1u) 16295 | -6/Lower Caves | Learned Factory interactive machine intel 16321 | -6/Lower Caves | Learned location of 1 exit from Research 16321 | -6/Lower Caves | Learned Factory security intel 16321 | -6/Lower Caves | Learned Factory garrison access intel 16321 | -6/Lower Caves | Learned Extension garrison access intel 16324 | -6/Lower Caves | A Commander dispatched an escort 16471 | -6/Lower Caves | Encountered a Warlord checkpoint 16943 | -6/Lower Caves | Discovered new exit (range 7) 17300 | -6/Lower Caves | Build established: Scavenger-Tank 17643 | -6/Lower Caves | Learned Factory stockpile data 18747 | -6/Lower Caves | Entered another Lower Caves area 18747 | -6/Lower Caves | Accompanied by 2 allies 18748 | -6/Lower Caves | Commander's escort returned to base 18748 | -6/Lower Caves | Commander's escort returned to base 18913 | -6/Lower Caves | Lost 3 parts (1p1n1w) 19180 | -6/Lower Caves | Discovered new exit (range 16) 19306 | -6/Lower Caves | System corruption reached 10% 19582 | -6/Lower Caves | Build established: Scavenger-Skirmisher 19837 | -6/Lower Caves | Attracted the attention of an 0b10 checkpoint 20143 | -6/Lower Caves | Build established: Scavenger-Mutant 20755 | -6/Lower Caves | Encountered a Warlord checkpoint 20762 | -6/Lower Caves | Learned location of 1 exit from Proximity Caves 20811 | -6/Lower Caves | Entered Data Miner 20811 | -6/Data Miner | Discovered new exit (range 6) 20860 | -6/Data Miner | Met Data Miner 20933 | -6/Data Miner | Learned location of Section 7 (-3) 20933 | -6/Data Miner | Acquired the access code to Warlord's prototype stash 21003 | -6/Data Miner | Received God Mode back door access code from Data Miner 21064 | -6/Data Miner | Entered Proximity Caves 21067 | -5/Proximity Caves | Spotter reported a threat 21067 | -5/Proximity Caves | Spotter reported a threat 21189 | -5/Proximity Caves | Spotted B-75 Beast 21191 | -5/Proximity Caves | Escorted by Enhanced Grunt 21197 | -5/Proximity Caves | Assimilated B-75 Beast with FLK Orb 22632 | -5/Proximity Caves | Build established: Scavenger-Tank 22883 | -5/Proximity Caves | Learned location of Armory (-3) 23184 | -5/Proximity Caves | Attracted the attention of an 0b10 outpost 23211 | -5/Proximity Caves | Assimilated G-50 Soldier with FLK Orb 23215 | -5/Proximity Caves | Core integrity fell below 50% 23261 | -5/Proximity Caves | Lost 12 parts (2p5n4u1w) 23289 | -5/Proximity Caves | Core integrity fell below 20% 23346 | -5/Proximity Caves | Destroyed by G-67 Veteran with Plasma Rifle Last Messages --------------- 23297_ G-50 Soldier destroyed. 23297_ Y-72 Warden suffers critical hit (Burn). 23302_ Proton Cannon destroyed. 23303_ Flexi-carbon Leg destroyed. 23304_ Lgt. Angular Momentum Engine fries itself beyond repair. 23304_ Y-72 Warden critical meltdown. 23304_ Adv. Heat Sink melted. 23307_ System corrupted: Substantial component data lost. 23308_ Adv. Heat Sink fries itself beyond repair. 23310_ Plasma Rifle destroyed. 23322_ System corrupted: Heat flow error (+119). 23324_ Disruptor Cannon destroyed. 23327_ G-50 Soldier destroyed. 23329_ Acquired 54 matter. 23335_ Transmission Jammer destroyed. 23343_ Adv. Heat Sink fries itself beyond repair. 23343_ Dropped Huge Storage Unit. 23345_ Acquired 7 matter. 23346_ System corrupted: Mak. Spear rejected. 23346_ Acquired Mak. Spear. Map ----- +----------------------------------------------------+ | ?###?##########?#??#???#?##?###???????#??????????? | | #####?#####?#####?#??#???##?####?###?#?#??#??????? | | ########?#########?#####??#??###??######??#?#????? | | ##?#?##?####?#####?#??##########??#?#?#?#????????? | | #######?########?######?####?##???#??##?#????????? | | ################?######## ##????#?#?#?##????????? | | #?##??## ####?#### #?########??????#?#??? | | ######## ######### ########????#??#?#?????? | | ######## ## ##### ##?#??????????????? | | ######### #??# ##?#?###??#??#???? | | # ###### #### ####?#?##?#??##??? | | # ######### ### ###?#?#?##??????? | | # ######### ### ####?###?##?????? | | # ######### ## #?####?##??#????? | | ########## ##?###????????#??? | | #### ## ## ###????##?##?##???? | | #### [ ##?#?##?##?####??#? | | ###### % ######?#????????#? | | ####### ## ## ###########??????? | | ######## ## ## ##### ####?###?#???##??? | | #####?## ## ### ###### #??#?####?#?#?##?? | | # ##### ###### ##?##?# #?##?###?#???#??## | | ####### ##?### ######## ##??#?????##??#### | | ####### ###?## ##?###### #?###?#??##??#??#? | | ##?## ######!##= ###?##?#?#?#?##??? | | ###? ## %@!!g%] ;###???#?#?#??##? | | ## ### ## ##!!#%! #??#?#??##??#?## | | ##### ### #? #####] #?#????##??????# | | ######## ########### ?##### ####?#?#?###?#?# | | #?### #?####?#?# #?#?### #?????##???#?#?? | | ###?# ??### ####### "##???###??????#? | | ##?### #### #### #?#?### * ##??#?#?#?##????? | | ##?##? #### ### ?# # %%!% ##########?#????# | | #### #### ### %!]! #???????????#?##? | | ###? < #?#?# " % *% "###?##??#???##?? | | #####? ##??####"%" % % =########????#?#?#? | | ? ? #???##?# "# # ##??##?????#?##???? | | ??#?#? #" % % #?#??#???#?#??????? | | ##?? ? ? ???#?##? #" # % "###???#?????#?##??? | | #?### ?? ###????#? " #?####??#??##??#??? | | #####?? ##???##?##?# + "##?????????#??#????? | | ##########?####?## " # ##?#??####???#???????? | | ?##???#???????#?## ?" # " ?#####??#??##???#?#??? | | ?##??#??????????????#####"# ??##?????????????????? | | #?#???##?????????#??? ? ###?????#?#??##???#??? | | ??##????#??????????#???####?????#?###??#??##?????? | | ??##???#???????????#????#?#??#?#?#??????#?#??????? | | #????#????????????##?#??#?????#?#?#??#???#???????? | | ??????????????????????????#??##?##??#?##?????????? | | ????#????????????????????????????????????????????? | +----------------------------------------------------+ Best States ------------- Heat Dissipation 75 Energy Generation 19 Energy Capacity 500 Matter Stores 300 Matter Capacity 300 Sight Range 16 Terrain Scan Range 20 Terrain Scan Density 110 Jamming Range 12 Additional Mass Support 9 Armor Coverage 375 Resistance: KI 20 Core Shielding 20 Propulsion Shielding 33 Utility Shielding 66 Weapon Cycling 15 Evasion (%) 55 Targeting Accuracy 8 Target Analysis 7 Recoil Reduction 4 Particle Charging 20 Item Schematics ----------------- Huge Storage Unit | -10/Materials | Hacked Hvy. Beamcaster | -7/Zion | Free Battle Rifle | -7/Zion | Free Hvy. Battle Rifle | -7/Zion | Free Flamer | -7/Zion | Free Enh. Flamer | -7/Zion | Free Combat Drone Bay | -6/Data Miner | Free Lgt. Regenerative Plating | -6/Data Miner | Free Cld. Gravmag System | -6/Data Miner | Free Imp. Thermal Defense Suite | -6/Data Miner | Free Neutron Cannon | -6/Data Miner | Free Myomer Leg | -6/Data Miner | Free Phase Gun | -6/Data Miner | Free Adv. Focal Shield | -6/Data Miner | Free Tesla Rifle | -6/Data Miner | Free Centrium Wheel | -6/Data Miner | Free Gamma Bomb Array | -6/Data Miner | Free Robot Schematics ------------------ B-60 Warrior | -6/Data Miner | Free S-27 Virus | -6/Data Miner | Free R-10 Processor | -6/Data Miner | Free M-22 Extractor | -6/Data Miner | Free X-72 Disruptor | -6/Data Miner | Free H-66 Slayer | -6/Data Miner | Free Fabricated ------------ Huge Storage Unit | x1 | -6/Factory Alien Tech Used ----------------- None Achievements -------------- None Challenges ------------ None Game ------ Seed AutogunNuclearBarrier Manual? 0 Play Time 03:05:35 Cumulative 114.3 hours Start 2023.03.16 @ 01:41:44 End 2023.03.17 @ 01:09:27 Sessions 3 Manual Loads 0 Difficulty Rogue Special Mode None Game No. 67 Rogue 67 Adventurer 0 Explorer 0 Win Type - Total 0 Types 0/0/0/0/0/0/0/0/0 Lore% 43 Gallery% 54 Achievement% 42 Wizard Run 0 Options --------- ASCII 0 Keyboard 1 Movement Vi Keybinds 0 Fullscreen 1 Font 12/Smallcaps Map View 83x54 Tactical HUD 1 Map Filters NONE Filters NONE Steam 1 RUN: 80a02355-8ba2-491e-8ffc-f69a73a44aab